 Dungeon Crawl Stone Soup version 0.17.0-7-gfadd4cc (webtiles) character file.

193 xeno23 the Conjurer (level 5, -1/38 HPs)
             Began as a Draconian Conjurer on Nov 8, 2015.
             Slain by a gnoll
             ... wielding a cursed +0 whip
              (4 damage)
             ... on level 3 of the Dungeon.
             The game lasted 00:14:05 (2438 turns).

xeno23 the Conjurer (Draconian Conjurer)            Turns: 2438, Time: 00:14:05

Health: -1/38      AC:  5    Str: 11    XL:     5   Next: 43%
Magic:  0/10       EV: 12    Int: 16    God:
Gold:   154        SH:  0    Dex: 11    Spells: 2 memorised, 8 levels left

rFire  . . .     SeeInvis .     c - +0 dagger
rCold  . . .     Clarity  .     (armour unavailable)
rNeg   . . .     SustAt   .     (no shield)
rPois  .         Gourm    +     (helmet restricted)
rElec  .         Spirit   .     (no cloak)
rCorr  .         Warding  .     (no gloves)
rMut   .         Stasis   .     (no boots)
MR     .....                    p - amulet of the gourmand
Stlth  ++........               (no ring)
                                (no ring)

@: not resistant to hostile enchantments, unstealthy
A: unfitting armour, cold-blooded, AC +5
a: no special abilities


You were on level 3 of the Dungeon.
You were not hungry.

You visited 1 branch of the dungeon, and saw 3 of its levels.

You collected 154 gold pieces.

Inventory:

Hand Weapons
 c - a +0 dagger (weapon)
Jewellery
 p - an amulet of the gourmand (around neck)
Scrolls
 e - 12 scrolls of identify {unknown}
 g - a scroll of fear {unknown}
 h - a scroll of noise {unknown}
 l - 4 scrolls of remove curse {unknown}
 m - a scroll of random uselessness {unknown}
 n - a scroll of magic mapping {unknown}
Potions
 f - a potion of invisibility {unknown}
 i - a potion of cancellation {unknown}
 o - a potion of cure mutation {unknown}
Books
 a - a book of Conjurations

   Spells                             Type                      Level
   a - Magic Dart                     Conjuration                  1
   b - Searing Ray                    Conjuration                  2
   c - Dazzling Spray                 Conjuration/Hexes            3
   d - Fulminant Prism                Conjuration/Hexes            4
   e - Iskenderun's Mystic Blast      Conjuration                  4
   f - Iskenderun's Battlesphere      Conjuration/Charms           5
Comestibles
 b - 3 bread rations
 d - 4 meat rations
 j - a chunk of flesh
 k - 2 fruits


   Skills:
 - Level 1.7 Dodging
 - Level 1.7 Stealth
 + Level 3.9 Spellcasting
 + Level 5.6 Conjurations


You had 8 spell levels left.
You knew the following spells:

 Your Spells              Type           Power        Failure   Level  Hunger
a - Magic Dart            Conj           ###.         1%          1    None
b - Searing Ray           Conj           ###...       2%          2    ##.....


Dungeon Overview and Level Annotations

Branches:
Dungeon (3/15)

Altars:
Ru

Annotations:
D:3 Terence


Innate Abilities, Weirdness & Mutations

Your plain brown scales are hard (AC +5).
Your body does not fit into most forms of armour.
You are cold-blooded and may be slowed by cold attacks.


Message History

You closely miss the gnoll.
The gnoll is almost dead.
The gnoll barely misses you.
You hit the gnoll but do no damage.
Your tail-slap misses the gnoll.
The gnoll is almost dead.
The gnoll hits you with a whip!
* * * LOW HITPOINT WARNING * * *
You take 7 damage.
You barely miss the gnoll.
Your tail-slap misses the gnoll.
The gnoll is almost dead.
The gnoll hits you but does no damage.
Casting: Searing Ray
Confirm with . or Enter, or press ? or * to list all spells.
Aiming: Magic Dart
Press: ? - help, Shift-Dir - straight line, f/p - gnoll
Aim: a gnoll, wielding a whip (almost dead)
The magic dart hits the gnoll.
The gnoll is almost dead.
The gnoll hits you with a whip.
You die...

##### #@g.#### ..
##.....## ... ###....#
.... ##.#.#####
....#######.#..[..#
.)........#..# ##.#
#.##...<.....# .#
.............####.#####
..............)........


You could see a gnoll.

Vanquished Creatures
  An orc wizard (D:2)
  2 adders
  6 gnolls
  2 oozes
  2 worms
  9 orcs (D:3)
  3 ball pythons
  4 bats
  5 giant cockroaches
  11 goblins
  4 hobgoblins
  A quokka (D:2)
  3 giant newts
  7 kobolds
  9 rats
69 creatures vanquished.

Notes
Turn   | Place    | Note
--------------------------------------------------------------
     0 | D:1      | xeno23 the Draconian Conjurer began the quest for the Orb.
     0 | D:1      | Reached XP level 1. HP: 14/14 MP: 3/3
   152 | D:1      | Reached XP level 2. HP: 18/20 MP: 1/5
   520 | D:1      | Reached XP level 3. HP: 20/26 MP: 1/6
  1188 | D:2      | Learned a level 2 spell: Searing Ray
  1389 | D:2      | Reached XP level 4. HP: 21/33 MP: 3/8
  1405 | D:2      | Reached skill level 5 in Conjurations
  1426 | D:2      | Found a sacrificial altar of Ru.
  1920 | D:3      | Reached XP level 5. HP: 13/38 MP: 4/10
  2219 | D:3      | Noticed Terence
  2438 | D:3      | Slain by a gnoll

Action                   |  1- 3 |  4- 6 || total
-------------------------+-------+-------++-------
Melee: Unarmed           |    76 |       ||    76
       Dagger            |     8 |    82 ||    90
 Cast: Magic Dart        |    61 |    37 ||    98
       Searing Ray       |     1 |     7 ||     8
 Stab: Sleeping          |     2 |       ||     2
       Paralysed         |       |     1 ||     1
  Eat: Chunk             |     2 |     4 ||     6
